Map: [ESL] Gresvan

Players

PattyMac

  • Race: Protoss Protoss
  • Spawn Location: 5:00

Scarlett - Winner!

  • Race: Zerg Zerg
  • Spawn Location: 11:00

Event: ESL SC2 Masters 2023 Summer (Regionals)

VOD

Have the link to the VOD?

Description

Time

  • Played on: May 3, 2023, 1:53 p.m.
  • Length: 7:09

All games in this series

Show
View Real Time Build Order
Export as new Build Order

PattyMac Protoss 

Build Orders: 1 Gate Expand, Mass Adepts 

Get SALT Encoding   

  12  0:00  Probe  
  13  0:12  Probe  
  14  0:16  Pylon  
  14  0:24  Probe (Chrono Boost)  
  15  0:36  Probe (Chrono Boost)  
  15  0:39  Gateway  
  16  0:44  Probe (Chrono Boost)  
  17  0:51  Probe  
  17  0:54  Assimilator  
  18  1:03  Probe  
  19  1:16  Probe  
  20  1:22  Nexus  
  20  1:32  Cybernetics Core  
  20  1:35  Probe  
  21  1:41  Assimilator  
  21  1:47  Probe  
  21  1:51  Pylon  
  22  1:59  Probe (Chrono Boost)  
  23  2:06  Warp Gate (Chrono Boost)  
  23  2:09  Stalker  
  23  2:11  Probe (Chrono Boost)  
  26  2:18  Probe (Chrono Boost)  
  26  2:21  Gateway  
  27  2:26  Probe (Chrono Boost)  
  28  2:36  Probe (Chrono Boost)  
  30  2:37  Probe (Chrono Boost)  
  30  2:40  Gateway  
  30  2:43  Probe (Chrono Boost)  
  31  2:46  Probe (Chrono Boost)  
  31  2:49  Probe, Adept  
  35  2:56  Probe  
  36  3:00  Twilight Council  
  36  3:02  Probe  
  37  3:08  Probe, Adept  
  37  3:12  Pylon  
  40  3:14  Probe  
  41  3:20  Probe, Adept  
  41  3:24  Pylon  
  41  3:26  Probe  
  45  3:32  Probe  
  46  3:34  Resonating Glaives (Chrono Boost)  
  46  3:40  Probe  
  47  3:47  Adept  
  49  3:48  Adept  
  49  3:55  Nexus  
  51  4:00  Adept  
  53  4:02  Pylon  
  53  4:03  Probe x2  
  53  4:07  Assimilator  
  55  4:12  Assimilator  
  55  4:14  Pylon  
  55  4:15  Probe  
  55  4:16  Probe  
  57  4:26  Adept x2  
  57  4:28  Probe x2  
  63  4:38  Adept  
  63  4:40  Probe x2  
  63  4:44  Stargate  
  63  4:45  Stargate  
  65  4:49  Adept  
  65  4:50  Adept  
  65  4:52  Probe x2  
  71  4:59  Pylon  
  71  5:01  Shield Battery  
  71  5:03  Adept  
  71  5:04  Probe x2  
  75  5:10  Adept  
  77  5:19  Probe  
  76  5:27  Probe  
  77  5:32  Phoenix (Chrono Boost)  
  77  5:33  Phoenix (Chrono Boost)  
  77  5:35  Dark Shrine  
  81  5:37  Pylon  
  81  5:39  Probe x2  
  81  5:40  Probe, Assimilator  
  84  5:44  Assimilator  
  78  5:51  Probe, Adept x2  
  78  5:52  Probe x2  
  78  5:55  Phoenix (Chrono Boost)  
  73  5:59  Gateway  
  73  6:00  Phoenix (Chrono Boost)  
  73  6:03  Probe  
  73  6:04  Probe x2  
  76  6:12  Adept  
  76  6:13  Adept  
  76  6:14  Adept  
  76  6:15  Probe  
  82  6:20  Phoenix x2  
  69  6:30  Probe  
  69  6:32  Probe x2  
  68  6:35  Adept x2  
  60  6:40  Pylon  
  60  6:49  Dark Templar x2  
  60  6:50  Dark Templar  
  67  6:56  Probe  
Show
View Real Time Build Order
Export as new Build Order

Scarlett Zerg - Winner!

Build Orders: Hatch First 

Get SALT Encoding   

  12  0:00  Drone  
  13  0:08  Drone  
  14  0:16  Extractor  
  14  0:17  Drone  
  15  0:22  Overlord  
  15  0:44  Hatchery  
  15  0:46  Drone  
  15  0:50  Drone  
  15  0:54  Drone  
  17  1:08  Spawning Pool  
  16  1:11  Drone  
  16  1:13  Extractor  
  16  1:16  Drone  
  17  1:20  Drone  
  18  1:30  Drone  
  19  1:40  Drone  
  20  1:52  Drone  
  21  1:56  Queen x2, Drone  
  26  2:02  Overlord  
  26  2:08  Zergling x2  
  27  2:14  Drone  
  28  2:22  Metabolic Boost  
  28  2:24  Drone x2  
  31  2:30  Drone  
  31  2:34  Drone  
  32  2:38  Hatchery  
  32  2:43  Queen  
  33  2:48  Overlord  
  33  2:51  Drone x2  
  33  2:56  Drone  
  36  3:03  Overlord  
  36  3:06  Drone x4  
  36  3:08  Drone  
  36  3:10  Drone  
  42  3:13  Drone  
  42  3:15  Drone  
  44  3:21  Queen  
  44  3:22  Overlord  
  46  3:28  Queen  
  46  3:31  Drone x2  
  50  3:36  Evolution Chamber  
  50  3:37  Drone x2  
  50  3:39  Drone  
  52  3:45  Drone x2  
  54  3:53  Queen  
  54  3:55  Overlord  
  56  3:56  Drone x4  
  56  4:02  Overlord  
  60  4:03  Zergling x2  
  60  4:04  Zerg Melee Weapons Level 1  
  60  4:09  Zergling x4  
  63  4:10  Zergling x6  
  63  4:15  Evolution Chamber  
  65  4:20  Overlord  
  65  4:24  Drone  
  65  4:25  Baneling Nest  
  65  4:27  Zergling x14  
  71  4:42  Drone x8  
  79  4:52  Zergling x6  
  81  4:56  Zergling x2  
  81  4:59  Zergling x4  
  84  5:00  Overlord  
  84  5:03  Hatchery  
  84  5:05  Extractor  
  84  5:06  Zergling x6  
  85  5:08  Extractor  
  85  5:09  Baneling x3  
  85  5:12  Zergling x8  
  88  5:14  Zergling x2  
  88  5:17  Overlord  
  85  5:21  Baneling  
  85  5:22  Baneling  
  83  5:30  Zergling x18  
  90  5:42  Zergling x2  
  90  5:43  Zergling x4  
  86  5:52  Drone x5  
  86  5:56  Drone  
  88  6:00  Baneling  
  88  6:01  Baneling x3  
  88  6:02  Drone  
  89  6:04  Queen x2  
  89  6:05  Drone x2  
  89  6:09  Extractor  
  89  6:10  Extractor x2  
  89  6:11  Lair  
  92  6:13  Roach Warren  
  92  6:16  Drone x3  
  93  6:22  Drone x2  
  89  6:31  Drone x4  
  89  6:32  Drone x2  
  93  6:33  Drone  
  93  6:40  Drone x2  
  93  6:43  Spore Crawler  
  93  6:46  Spore Crawler  
  96  6:47  Spore Crawler  
  96  6:48  Drone x3  
  96  6:49  Drone  
  96  6:53  Drone x2  
  101  7:07  Spore Crawler  
Tags
 
Add a new tag
Caveats
  • Supply blocks, unpowered buildings, or Contaminate may cause inaccurate times.
  • Supply counts are checked every 10 seconds.